 Dungeon Crawl Stone Soup version 0.21.1-1-g345015f (webtiles) character file.

38 Kagorn the Skirmisher (level 3, -1/29 HPs)
             Began as a Demonspawn Monk on June 29, 2018.
             Killed from afar by a dart slug (5 damage)
             ... with a slug dart
             ... on level 2 of the Dungeon.
             The game lasted 00:06:45 (899 turns).

Kagorn the Skirmisher (Demonspawn Monk)              Turns: 899, Time: 00:06:45

Health: -1/29      AC:  3    Str: 11    XL:     3   Next: 25%
Magic:  3/3        EV: 19    Int: 11    God:
Gold:   87         SH:  0    Dex: 21    Spells: 2/2 levels left

rFire    . . .     SeeInvis +   a - +0 short sword
rCold    . . .     Gourm    .   (no shield)
rNeg     . . .     Faith    .   b - +0 robe
rPois    .         Spirit   .   (no helmet)
rElec    .         Reflect  .   (no cloak)
rCorr    .         Harm     .   g - +0 pair of gloves
MR       .....                  (no boots)
Stlth    +++.......             (no amulet)
HPRegen  0.09/turn              e - ring of see invisible
MPRegen  0.08/turn              (no ring)

@: agile
A: claws 1, hooves 1, blurry vision 1, powered by pain 1
a: no special abilities


You were on level 2 of the Dungeon.
You were not hungry.

You visited 1 branch of the dungeon, and saw 2 of its levels.

You collected 87 gold pieces.

Inventory:

Hand Weapons
 a - a +0 short sword (weapon)
 f - a +0 spear
 k - a +3 spear
Armour
 b - a +0 robe (worn)
 g - a +0 pair of gloves (worn)
Jewellery
 e - a ring of see invisible (left hand)
Scrolls
 d - a scroll of magic mapping {unknown}
Potions
 j - a potion of lignification {unknown}
Comestibles
 c - 4 rations


   Skills:
 * Level 3.4 Fighting
 * Level 3.1 Short Blades
 + Level 0.6 Armour
 + Level 2.9 Dodging
 + Level 2.1 Stealth


You had 2 spell levels left.
You didn't know any spells.

Dungeon Overview and Level Annotations

Branches:
Dungeon (2/15)

Altars:


Innate Abilities, Weirdness & Mutations

You sometimes gain a little power by taking damage.
You have sharp fingernails.
You have large cloven feet.
Scrolls take you a little longer to read.


Message History

The jackal misses you. The goblin closely misses you.
You hit the jackal.
You kill the jackal!
The goblin misses you. The dart slug launches a dart at you.
The slug dart hits you!
* * * LOW HITPOINT WARNING * * *
A dart slug comes into view.
The dart slug launches a dart at you. The slug dart misses you.
The slug dart hits the goblin.
The goblin dies!
Things that are here:
a jackal corpse; a rat corpse You hit the dart slug.
The dart slug is lightly wounded.
You hit the dart slug. You kick the dart slug.
The dart slug is severely wounded.
The dart slug launches a dart at you. The slug dart hits you!
You die...

#....### ...
###......##.... ..####
#..............
.....##.##.....?.....
#....†..w.........
##..?.####..=...##
######....†#####....$#
#.......##ww# .w....
#.####..###@####......
##.# #...###)).........
##..# #.#.......##....<#
#..## #.#(#........ ....
##.## #.#.........#..
###..# #.).........#
....######...........<.
....###.....#.#####..#..
.(........###.# .....


You could see 2 dart slugs.

Vanquished Creatures
  3 leopard geckos
  A giant cockroach (D:1)
  2 goblins (D:1)
  4 hobgoblins (D:1)
  3 jackals (D:2)
  A quokka (D:2)
  6 bats
  6 frilled lizards (D:1)
  5 kobolds
  4 rats
35 creatures vanquished.

Vanquished Creatures (others)
  A goblin (D:2)
1 creature vanquished.

Grand Total: 36 creatures vanquished

Notes
Turn   | Place    | Note
-------+----------+-------------------------------------------
     0 | D:1      | Kagorn the Demonspawn Monk began the quest for the Orb.
     0 | D:1      | Reached XP level 1. HP: 18/18 MP: 1/1
   112 | D:1      | Gained mutation: You sometimes gain a little power by taking damage. [demonic ancestry]
   112 | D:1      | Reached XP level 2. HP: 15/24 MP: 2/2
   787 | D:2      | Reached XP level 3. HP: 29/29 MP: 3/3
   879 | D:2      | Gained mutation: Scrolls take you a little longer to read. [potion of mutation]
   879 | D:2      | Gained mutation: You have sharp fingernails. [potion of mutation]
   879 | D:2      | Gained mutation: You have large cloven feet. [potion of mutation]
   899 | D:2      | Killed from afar by a dart slug

Skill      XL: |  1  2 |
---------------+-------+-----
Short Blades   | 3 |  3.1
Stealth        | 2 |  2.1
Fighting       | |  3.4
Armour         | |  0.6
Dodging        | |  2.9

Action                   || total
-------------------------++-------
Melee: Short sword       ||   113
       Kick              ||     5
  Use: Potion            ||     3
 Stab: Sleeping          ||     3
Armor: Robe              ||    35
Dodge: Dodged            ||   143
